 Dungeon Crawl Stone Soup version 0.31-a0-232-gb1c03b2570 (webtiles) character file.

Game seed: 75301788728541780

85 Decritt the Cutter (level 4, -1/35 HPs)
             Began as a Demonspawn Gladiator on July 7, 2023.
             Slain by a gnoll
             ... wielding a +0 flail
              (6 damage)
             ... on level 3 of the Dungeon.
             The game lasted 00:04:06 (2104 turns).

Decritt the Cutter (Demonspawn Gladiator)           Turns: 2104, Time: 00:04:06

Health: -1/35      AC: 10    Str: 15    XL:     4   Next: 25%
Magic:  4/4        EV:  8    Int:  9    God:
Gold:   124        SH:  5    Dex: 16    Spells: 3/3 levels left

rFire   . . .        a - +0 rapier
rCold   . . .        (no shield)
rNeg    . . .        g - +0 chain mail
rPois   .            c - +0 helmet
rElec   .            (no cloak)
rCorr   .            (no gloves)
SInv    .            (no boots)
Will    .....        q - amulet of reflection Stlth
                     (no ring)
HPRegen 0.25/turn    (no ring)
MPRegen 0.09/turn

%: reflection
@: no status effects
A: foul stench 1, sharp scales 1
a: no special abilities


You were on level 3 of the Dungeon.
You visited 1 branch of the dungeon, and saw 3 of its levels.

You collected 124 gold pieces.

Inventory:

Hand Weapons
 a - a +0 rapier (weapon)
Missiles
 d - 3 throwing nets (quivered)
 e - a javelin
Armour
 b - a +0 leather armour
 c - a +0 helmet (worn)
 g - a +0 chain mail (worn)
Jewellery
 q - an amulet of reflection (around neck)
Wands
 n - a wand of flame (26)
 o - a wand of digging (7)
Scrolls
 f - a scroll of fear {unknown}
 h - a scroll of enchant armour {unknown}
 i - 2 scrolls of identify {unknown}
 j - a scroll of fog {unknown}
 k - 3 scrolls of teleportation {unknown}
 m - a scroll of torment {unknown}
 p - a scroll of immolation {unknown}
Potions
 l - a potion of might {unknown}


   Skills:
 * Level 3.1 Fighting
 * Level 3.4 Short Blades
 - Level 1.7 Throwing
 + Level 1.0 Armour
 + Level 3.1 Dodging


You had 3 spell levels left.
You didn't know any spells.
Your spell library contained the following spells:

 Spells                   Type           Power      Damage    Failure   Level
 Ensorcelled Hibernation  Hex/Ice        0%         N/A       100%        2
 Spider Form              Tmut/Pois      0%         N/A       100%        3
 Anguish                  Hex/Necr       0%         N/A       100%        4


Dungeon Overview and Level Annotations

Branches:
Dungeon (3/15)

Altars:
Makhleb
Okawaru
Ru
Yredelemnul


Innate Abilities, Weirdness & Mutations

You may rarely emit foul miasma when damaged in melee.
You are partially covered in razor-sharp scales. (AC +1, Slay +1)


Message History

The gnoll is moderately wounded.
The gnoll hits you with a +0 spear.
* * * LOW HITPOINT WARNING * * *
You closely miss the gnoll.
The gnoll is moderately wounded.
The gnoll hits you but does no damage.
You barely miss the gnoll.
The gnoll is moderately wounded.
The gnoll hits you but does no damage.
You hit the gnoll.
The gnoll is heavily wounded.
The gnoll hits you but does no damage.
You barely miss the gnoll.
The gnoll is heavily wounded.
The gnoll hits you with a +0 spear.
* * * LOW HITPOINT WARNING * * *
You emit a cloud of foul miasma!
The gnoll attacks as you move away! The gnoll hits you but does no damage.
The gnoll is engulfed in dark miasma.
The gnoll is poisoned.
You block the gnoll's attack.
The gnoll is engulfed in dark miasma.
The gnoll looks even sicker.
You kill the gnoll!
You start resting.
A gnoll is nearby!
A gnoll is nearby!
A gnoll is nearby!
You puncture the gnoll!
The gnoll is heavily wounded.
The gnoll hits you with a +0 flail!
* * * LOW HITPOINT WARNING * * *
You hit the gnoll.
The gnoll is severely wounded.
The gnoll hits you with a +0 flail.
* * * LOW HITPOINT WARNING * * *
You emit a cloud of foul miasma!
You barely miss the gnoll.
The gnoll is severely wounded.
The gnoll is engulfed in dark miasma.
The gnoll is poisoned.
The gnoll seems to slow down.
The gnoll hits you with a +0 flail.
You die...

##.###.## #.# ##.#.##
#####.# ##..# #.....# #..#
#.##### #..# #.# #.g# #.# #
##########..# #.# ##
........##..##########.#
##.
.######........g@......#
##.. †#
####.#######.###.#######...
.# #.......................
.# ##.#####..###..########.
.# #.# #..##.....# ## .#
#.#####..##.###.# # .#
#.#.........# #.# .###
##.#.###..##.###.# ...#
#.........##.....#######


You could see a gnoll (poisoned, slow).

Vanquished Creatures
  3 gnolls (D:3)
  2 adders (D:2)
  A dart slug (D:2)
  3 endoplasms
  A giant cockroach (D:2)
  3 goblins
  2 hobgoblins (D:2)
  3 kobolds
  A quokka (D:1)
  4 ball pythons
  4 bats
  A frilled lizard (D:2)
  10 rats
38 creatures vanquished.

Notes
Turn   | Place    | Note
-------+----------+-------------------------------------------
     0 | D:1      | Decritt the Demonspawn Gladiator began the quest for the
                  | Orb.
     0 | D:1      | Reached XP level 1. HP: 16/16 MP: 1/1
   549 | D:1      | Gained mutation: You may rarely emit foul miasma when
                  | damaged in melee. [demonic ancestry]
   549 | D:1      | Reached XP level 2. HP: 22/22 MP: 2/2
   995 | D:2      | Gained mutation: You are partially covered in razor-sharp
                  | scales. (AC +1, Slay +1) [demonic ancestry]
   995 | D:2      | Reached XP level 3. HP: 25/28 MP: 3/3
  1522 | D:3      | Found the +8 trishula "Condemnation" {holy, anguish, *Noise
                  | Fly rN+}
  1601 | D:3      | Noticed a shining eye
  1604 | D:3      | Found a faded altar of an unknown god.
  1605 | D:3      | Noticed a golden eye
  1605 | D:3      | Noticed a great orb of eyes
  1605 | D:3      | Noticed a golden eye
  2027 | D:3      | Found a burning altar of Makhleb.
  2028 | D:3      | Found a basalt altar of Yredelemnul.
  2028 | D:3      | Found an iron altar of Okawaru.
  2028 | D:3      | Found a sacrificial altar of Ru.
  2061 | D:3      | Reached skill level 1 in Armour
  2061 | D:3      | Reached XP level 4. HP: 17/35 MP: 4/4
  2104 | D:3      | Slain by a gnoll

Illustrated notes

Levels and vault maps discovered:
D:1:      tarquinn_simple_flora_water_a, layout_loops_cross
D:2:      layout_basic
D:3:      layout_loops_ring, minmay_overflow_temple_hex,
          hellmonk_ecumenical_altar_watching_god

Skill      XL: |  1  2  3 |
---------------+----------+-----
Short Blades   | 3 |  3.4
Dodging        | 3 |  3.1
Fighting       | 3 |  3.1
Armour         | 1 |  1.0
Throwing       | |  1.7

Action                     |  1- 3 |  4- 6 || total
---------------------------+-------+-------++-------
  Melee: Rapier            |   107 |     8 ||   115
         Punch             |     1 |       ||     1
 Armour: Chain mail        |    80 |     4 ||    84
  Dodge: Dodged            |    45 |       ||    45
  Block: Other             |     4 |     1 ||     5

Table legend: (Time is in decaauts)
 A = Elapsed time spent in this place.
 B = Non-inter-level travel time spent in this place.
 C = Inter-level travel time spent in this place.
 D = Time resting spent in this place.
 E = Time spent auto-exploring this place.
 F = Levels seen in this place.
 G = Mean time per level.
                   A        B        C        D        E       F      G
               +--------+--------+--------+--------+--------+-----+--------+
         Total |   2108 |   2070 |     38 |      7 |   1720 |   3 |  702.7 |
       Dungeon |   2108 |   2070 |     38 |      7 |   1720 |   3 |  702.7 |
               +--------+--------+--------+--------+--------+-----+--------+

Top non-repeatable levels by time:
     D:2: 758 daAuts
     D:3: 691 daAuts
     D:1: 658 daAuts
